 Dungeon Crawl Stone Soup version 0.17.1-3-g152610e (webtiles) character file.

56 Alarkh the Chopper (level 3, 0/27 HPs)
             Began as a Mummy Skald on Apr 20, 2016.
             Slain by a giant newt (2 damage)
             ... on level 2 of the Dungeon.
             The game lasted 00:01:49 (1043 turns).

Alarkh the Chopper (Mummy Skald)                    Turns: 1043, Time: 00:01:50

Health: 0/27       AC:  3    Str: 15    XL:     3   Next: 69%
Magic:  0/6        EV: 11    Int: 12    God:
Gold:   54         SH:  0    Dex: 11    Spells: 3 memorised, 1 level left

rFire  x . .     SeeInvis .     a - +0 hand axe
rCold  + . .     Clarity  .     b - +0 leather armour
rNeg   + + +     SustAt   .     (no shield)
rPois  ∞         Gourm    .     (no helmet)
rElec  .         Spirit   .     (no cloak)
rCorr  .         Warding  .     (no gloves)
rMut   .         Stasis   .     (no boots)
MR     .....                    (no amulet)
Stlth  +.........               (no ring)
                                (no ring)

@: infused, not resistant to hostile enchantments, very unstealthy
A: no food or potions, fire vulnerability, cold resistance 1, negative energy
resistance 3, torment resistance, unbreathing
a: no special abilities


You were on level 2 of the Dungeon.
You were not hungry.

You visited 1 branch of the dungeon, and saw 2 of its levels.

You collected 54 gold pieces.

Inventory:

Hand Weapons
 a - a +0 hand axe (weapon)
Armour
 b - a +0 leather armour (worn)
Scrolls
 d - a scroll of remove curse
 e - 2 scrolls of random uselessness
 g - 3 scrolls of enchant weapon
Books
 c - a book of Battle

   Spells                             Type                      Level
   a - Infusion                       Charms                       1
   b - Shroud of Golubria             Charms/Translocation         2
   c - Song of Slaying                Charms                       2
   d - Spectral Weapon                Hexes/Charms                 3
   e - Regeneration                   Charms/Necromancy            3
 h - a book of Minor Magic

   Spells                             Type                      Level
   a - Magic Dart                     Conjuration                  1
   b - Blink                          Translocation                2
   c - Call Imp                       Summoning                    2
   d - Repel Missiles                 Charms/Air                   2
   e - Slow                           Hexes                        2
   f - Conjure Flame                  Conjuration/Fire             3
   g - Mephitic Cloud                 Conjuration/Poison/Air       3


   Skills:
 - Level 2.0 Fighting
 + Level 3.3 Axes
 - Level 0.7 Armour
 - Level 0.7 Dodging
 - Level 2.0 Spellcasting
 - Level 2.4 Charms


You had one spell level left.
You knew the following spells:

 Your Spells              Type           Power        Failure   Level  Hunger
a - Infusion              Chrm           #.....       14%         1    N/A
b - Blink                 Tloc           N/A          52%         2    N/A
d - Repel Missiles        Chrm/Air       #.....       34%         2    N/A

Dungeon Overview and Level Annotations

Branches:
Dungeon (2/15)

Altars:

Annotations:
D:2 Jessica


Innate Abilities, Weirdness & Mutations

You do not eat or drink.
Your flesh is vulnerable to fire.
You are immune to poison.
Your flesh is cold resistant.
You are immune to negative energy.
You are immune to unholy pain and torment.
You can survive without breathing.


Message History

The hobgoblin hits you with a club.
* * * LOW HITPOINT WARNING * * *
The rat barely misses you.
Unknown command.
You closely miss the rat. You hit the hobgoblin.
The hobgoblin is heavily wounded.
The hobgoblin barely misses you. The rat barely misses you.
You slash the rat!
You kill the rat!
You miss the giant newt. You hit the hobgoblin but do no damage.
The hobgoblin is heavily wounded.
The giant newt barely misses you. The hobgoblin barely misses you.
A hobgoblin comes into view.
You slash the hobgoblin!
You kill the hobgoblin!
Your leather armour prevents you from hitting the giant newt.
The giant newt bites you but does no damage.
You hit the giant newt but do no damage.
The giant newt bites you.
You die...

###########
.........
#......g#
#.......#
#.......#
#.......#
#.)†....#
#..@l...#
#...$$..#
#########


You could see a hobgoblin and a giant newt.

Vanquished Creatures
  2 adders (D:2)
  A giant gecko (D:1)
  A ball python (D:1)
  5 goblins (D:1)
  6 hobgoblins
  3 jackals (D:2)
  5 bats
  6 kobolds
  8 rats
37 creatures vanquished.

Notes
Turn   | Place    | Note
--------------------------------------------------------------
     0 | D:1      | Alarkh the Mummy Skald began the quest for the Orb.
     0 | D:1      | Reached XP level 1. HP: 16/16 MP: 3/3
   138 | D:1      | Reached XP level 2. HP: 22/22 MP: 0/5
   711 | D:2      | Reached skill level 3 in Axes
   711 | D:2      | Reached XP level 3. HP: 11/27 MP: 0/6
   975 | D:2      | Learned a level 2 spell: Repel Missiles
   978 | D:2      | Learned a level 2 spell: Blink
  1001 | D:2      | Noticed Jessica
  1039 | D:2      | HP: 1/27 [hobgoblin/club (1)]
  1043 | D:2      | Slain by a giant newt

Action                   || total
-------------------------++-------
Melee: Hand axe          ||    99
 Cast: Infusion          ||    18
  Use: Scroll            ||     3
